 Dungeon Crawl Stone Soup version 0.30.1-3-gfc49f6343a (webtiles) character file.

Game seed: 5902657037331795219

92 EC1 the Stinger (level 4, -3/35 HPs)
             Began as a Ghoul Wanderer on July 20, 2023.
             Killed by divine providence
             ... invoked by an orc priest
              (10 damage)
             ... on level 3 of the Dungeon.
             The game lasted 00:09:43 (1888 turns).

EC1 the Stinger (Ghoul Wanderer)                    Turns: 1888, Time: 00:09:44

Health: -3/35      AC:  6    Str: 18    XL:     4   Next: 60%
Magic:  5/5        EV:  9    Int:  5    God:
Gold:   88         SH:  0    Dex:  9    Spells: 5/6 levels left

rFire   . . .        a - +1 sling
rCold   + . .        (no shield)
rNeg    + + +        b - +0 scale mail
rPois   ∞            (no helmet)
rElec   .            (no cloak)
rCorr   .            (no gloves)
SInv    .            (no boots)
Will    .....        (no amulet) Stlth
                     (no ring)
HPRegen 0.00/turn    (no ring)
MPRegen 0.09/turn

%: no passive effects
@: inhibited regen
A: claws 1, cold resistance 1, negative energy resistance 3, inhibited
regeneration, torment resistance 2, devour on kill
a: no special abilities


You were on level 3 of the Dungeon.
You visited 1 branch of the dungeon, and saw 3 of its levels.

You collected 88 gold pieces.

Inventory:

Hand Weapons
 a - a +1 sling (weapon)
 d - a +0 mace
 e - a +0 whip of chaos
Armour
 b - a +0 scale mail (worn)
Jewellery
 k - a ring of wizardry
Scrolls
 f - a scroll of identify
 h - a scroll of amnesia
Potions
 c - 2 potions of curing
 g - a potion of haste {unknown}


   Skills:
 + Level 1.5 Fighting
 + Level 3.1 Ranged Weapons
 + Level 1.7 Armour
 + Level 0.4 Dodging
 + Level 1.9 Spellcasting
 + Level 0.1 Transmutations
 + Level 4.4 Poison Magic


You had 5 spell levels left.
You knew the following spells:

 Your Spells              Type           Power      Damage    Failure   Level
a - Sting                 Tmut/Pois      8%         1d3       50%         1

Your spell library contained the following spells:

 Spells                   Type           Power      Damage    Failure   Level
 Poisonous Vapours        Pois/Air       4%         N/A       65%         2
 Static Discharge         Conj/Air       0%         2-2/arc   91%         2
 Olgreb's Toxic Radiance  Pois           4%         N/A       93%         4
 Call Canine Familiar     Summ           0%         N/A       99%         3
 Portal Projectile        Hex/Tloc       0%         N/A       99%         3
 Airstrike                Air            0%         2d(0-16)  100%        4
 Leda's Liquefaction      Hex/Erth       0%         N/A       100%        4
 Summon Lightning Spire   Summ/Air       0%         N/A       100%        4


Dungeon Overview and Level Annotations

Branches:
Dungeon (3/15)

Altars:

Shops:
D:2 !


Innate Abilities, Weirdness & Mutations

You are immune to poison.
You have sharp fingernails.
Your flesh is cold resistant. (rC+)
You are immune to negative energy. (rN+++)
You do not regenerate when monsters are visible.
You are immune to unholy pain and torment.
You thrive by killing the living.


Message History

The sling bullet barely misses the orc priest.
The orc priest barely misses you.
You shoot a sling bullet. The sling bullet hits the orc priest.
The orc priest is heavily wounded.
The orc priest hits you with a +0 hand axe.
The orc priest closely misses you.
You shoot a sling bullet.
The sling bullet closely misses the orc priest.
The orc priest hits you with a +0 hand axe.
You shoot a sling bullet.
The sling bullet barely misses the orc priest.
The orc priest hits you but does no damage.
You shoot a sling bullet.
The sling bullet closely misses the orc priest.
The orc priest hits you with a +0 hand axe. x2
You are too injured to fight recklessly!
You are too injured to fight recklessly!
You are too injured to fight recklessly!
You are too injured to fight recklessly!
You are too injured to fight recklessly!
You are too injured to fight recklessly!
You are too injured to fight recklessly!
You shoot a sling bullet.
The sling bullet hits the orc priest but does no damage.
The orc priest is heavily wounded.
The orc priest closely misses you.
You shoot a sling bullet. The sling bullet hits the orc priest.
The orc priest is heavily wounded.
The orc priest barely misses you. The orc priest completely misses you.
You shoot a sling bullet. The sling bullet hits the orc priest.
The orc priest is severely wounded.
The orc priest calls down the wrath of Beogh upon you.
Beogh smites you!
* * * LOW HITPOINT WARNING * * *
You shoot a sling bullet.
The sling bullet hits the orc priest but does no damage.
The orc priest is severely wounded.
The orc priest invokes the aid of Beogh against you.
Beogh smites you!
You die...

#.........#
#.##..#####.#
#.#....#....#.
#o##.#.......#
#.##.#.......#
#.##o#.......#
#)##.#.......#
#)##.#.......#
#[...o@..###
#....#####
#........$...#
#...............
#...##...###...#
#..# #.#.# #.#
#.. #...# # #.
.###. #?


g You could see an orc priest.

Vanquished Creatures
  3 adders (D:2)
  A dart slug (D:1)
  2 orcs (D:3)
  9 endoplasms
  5 goblins
  10 hobgoblins
  5 kobolds
  3 quokkas
  3 ball pythons
  8 bats
  4 frilled lizards
  3 rats
56 creatures vanquished.

Notes
Turn   | Place    | Note
-------+----------+-------------------------------------------
     0 | D:1      | EC1 the Ghoul Wanderer began the quest for the Orb.
     0 | D:1      | EC1 set off with the following items: a +0 sling, a +0
                  | scale mail, a scroll of fog; and the following spell
                  | memorised: Sting; and the following spells available to
                  | memorise: Poisonous Vapours, Olgreb's Toxic Radiance.
     0 | D:1      | Reached XP level 1. HP: 16/16 MP: 2/2
   182 | D:1      | Reached XP level 2. HP: 20/23 MP: 3/3
   514 | D:1      | Reached XP level 3. HP: 26/28 MP: 4/4
  1230 | D:2      | Reached XP level 4. HP: 34/35 MP: 2/5
  1481 | D:2      | Found Zoibap's Distillery.
  1888 | D:3      | Killed from afar by an orc priest

Illustrated notes

Levels and vault maps discovered:
D:1:      tarquinn_simple_flora_water_b, layout_basic
D:2:      layout_rooms, serial_shops, shop
D:3:      layout_basic, mainiacjoe_overflow_surrounded_room,
          grunt_temple_overflow_gold_and_silver, minmay_starry_boxes

Skill      XL: |  1  2  3  4 |
---------------+-------------+-----
Ranged Weapons | 2 3 |  3.1
Fighting       | |  1.5
Armour         | |  1.7
Dodging        | |  0.4
Spellcasting   | |  1.9
Transmutations | |  0.1
Poison Magic   | |  4.4

Action                     |  1- 3 |  4- 6 || total
---------------------------+-------+-------++-------
   Fire: Sling             |   151 |    91 ||   242
   Cast: Sting             |    16 |     4 ||    20
    Use: Scroll            |     5 |     2 ||     7
         Potion            |     4 |     3 ||     7
 Armour: Scale mail        |   106 |    30 ||   136
  Dodge: Dodged            |   103 |    49 ||   152
